 Dungeon Crawl Stone Soup version 0.23.1-37-gaa34b87 (webtiles) character file.

Game seed: 6718052736883271235

114 snowfan the Gusty (level 4, -2/30 HPs)
             Began as a Mummy Air Elementalist on Mar 25, 2019.
             Slain by an orc warrior
             ... wielding a +0 glaive
              (12 damage)
             ... on level 3 of the Dungeon.
             The game lasted 00:10:34 (3293 turns).

snowfan the Gusty (Mummy Air Elementalist)          Turns: 3293, Time: 00:10:34

Health: -2/30      AC:  2    Str: 11    XL:     4   Next: 67%
Magic:  1/8        EV: 12    Int: 15    God:
Gold:   112        SH:  0    Dex: 12    Spells: 8/9 levels left

rFire    x . .     SeeInvis .   l - +0 hunting sling
rCold    + . .     Gourm    .   (no shield)
rNeg     + + +     Faith    .   a - +0 robe
rPois    ∞         Spirit   .   (no helmet)
rElec    .         Reflect  .   (no cloak)
rCorr    .         Harm     .   (no gloves)
MR       .....                  (no boots)
Stlth    +.........             (no amulet)
HPRegen  0.10/turn              (no ring)
MPRegen  0.11/turn              (no ring)

@: confused
A: no food or potions, fire vulnerability, cold resistance 1, negative energy
resistance 3, torment resistance, unbreathing
a: no special abilities


You were on level 3 of the Dungeon.
You were not hungry.

You visited 1 branch of the dungeon, and saw 3 of its levels.

You collected 112 gold pieces.

Inventory:

Hand Weapons
 b - a +0 club
 c - a +0 hand axe
 l - a +0 hunting sling (weapon)
Missiles
 d - 65 stones
 j - 48 sling bullets (quivered)
Armour
 a - a +0 robe (worn)
Jewellery
 g - an uncursed ring of stealth {unknown}
Scrolls
 e - 2 scrolls of identify {unknown}
 f - a scroll of amnesia {unknown}
 h - 2 scrolls of teleportation {unknown}
 i - 2 scrolls of enchant weapon {unknown}
 k - a scroll of enchant armour {unknown}


   Skills:
 - Level 1.5 Dodging
 - Level 1.5 Stealth
 - Level 3.2 Spellcasting
 + Level 2.3 Conjurations
 + Level 3.6 Air Magic


You had 8 spell levels left.
You knew the following spells:

 Your Spells              Type           Power        Failure   Level  Hunger
a - Shock                 Conj/Air       ##..         6%          1    N/A

Your spell library contained the following spells:

 Spells                   Type           Power        Failure   Level  Hunger
 Swiftness                Chrm/Air       #.......     14%         2    N/A
 Static Discharge         Conj/Air       ##......     17%         3    N/A
 Airstrike                Air            ##........   41%         4    N/A
 Lightning Bolt           Conj/Air       ##........   85%         5    N/A

Dungeon Overview and Level Annotations

Branches:
Dungeon (3/15)

Altars:


Innate Abilities, Weirdness & Mutations

You do not eat or drink.
Your flesh is vulnerable to fire.
You are immune to poison.
Your flesh is cold resistant. (rC+)
You are immune to negative energy. (rN+++)
You are immune to unholy pain and torment.
You can survive without breathing.


Message History

Press: ? - help, Shift-Dir - straight line, f - orc
Aim: an orc, wielding a -1 mace The zap hits the orc wizard.
The orc wizard is heavily wounded.
The zap hits the orc.
The orc is lightly wounded.
A magic dart appears from out of thin air!
The magic dart hits you!
You are confused.
The orc warrior hits you from afar with a +0 glaive!
The orc shouts!
In your confused state, you trip and fall back down the stairs.
* * * LOW HITPOINT WARNING * * *
The orc wizard casts a spell at you. You resist with some effort.
You're too confused!
You aren't wearing any rings or amulets.
Unknown command.
The orc warrior hits you with a +0 glaive!
You die...

######## #... #......#######
#..# #............## #..#
#.............## #..#
#..............##### . #..#
#..................# ..
##..###...............##.# #...
#....##.......@).....###.#....#
#..........<.o.......##.....#
#....##..##..o......##...##.#
##......###.oo...>......#...#
##..#...##..o.....†......###
#....#.%............##..... #
#....###............##.....$
#####.....##.............#......
....#.....##....)........#......


You could see an orc warrior, an orc wizard and 3 orcs.

Vanquished Creatures
  6 adders
  An ooze (D:2)
  2 dart slugs (D:1)
  4 orcs (D:3)
  7 bats
  A giant cockroach (D:1)
  6 goblins
  5 hobgoblins
  2 jackals (D:1)
  A quokka (D:2)
  A ball python (D:1)
  3 frilled lizards (D:1)
  5 kobolds
  7 rats
51 creatures vanquished.

Notes
Turn   | Place    | Note
-------+----------+-------------------------------------------
     0 | D:1      | snowfan the Mummy Air Elementalist began the quest for the
                  | Orb.
     0 | D:1      | Reached XP level 1. HP: 13/13 MP: 4/4
   230 | D:1      | Reached XP level 2. HP: 19/19 MP: 1/6
   715 | D:1      | Reached skill level 1 in Conjurations
  1432 | D:1      | Reached XP level 3. HP: 24/24 MP: 2/7
  2582 | D:2      | Reached XP level 4. HP: 30/30 MP: 4/8
  3268 | D:3      | Noticed an orc warrior
  3293 | D:3      | Slain by an orc warrior

Skill      XL: |  1  2  3  4 |
---------------+-------------+-----
Spellcasting   | 3 |  3.2
Conjurations   | 1 2 |  2.3
Air Magic      | 3 |  3.6
Dodging        | |  1.5
Stealth        | |  1.5

Action                   |  1- 3 |  4- 6 || total
-------------------------+-------+-------++-------
Melee: Hand axe          |    14 |     1 ||    15
 Fire: Hunting sling     |       |     6 ||     6
 Cast: Shock             |    69 |    39 ||   108
 Stab: Sleeping          |     1 |       ||     1
Armor: Robe              |    14 |     1 ||    15
Dodge: Dodged            |    33 |     7 ||    40
